 Dungeon Crawl Stone Soup version 0.18.1-47-g9310371 (webtiles) character file.

626812 dvd the Executioner (level 26, 0/216 HPs)
             Began as a Deep Dwarf Fighter on June 20, 2016.
             Was a Believer of Elyvilon.
             Killed from afar by an electric golem (18 damage)
             ... with a bolt of lightning
             ... on level 2 of the Realm of Zot on June 22, 2016.
             The game lasted 08:14:16 (71300 turns).

dvd the Executioner (Deep Dwarf Fighter)           Turns: 71300, Time: 08:14:16

Health: 0/216      AC: 42    Str: 29    XL:     26   Next: 67%
Magic:  36/36      EV: 15    Int:  7    God:    Elyvilon [**....]
Gold:   5483       SH: 29    Dex: 25    Spells: 1 memorised, 23 levels left

rFire  + . .     SeeInvis +     a - +8 broad axe (flame)
rCold  + + .     Gourm    .     F - +8 orange crystal plate armour {Archmagi, Int+3 Clar SustAt}
rNeg   + . .     Faith    .     r - +3 shield {rC+ rF+}
rPois  +         Spirit   .     j - +2 hat
rElec  .         Dismiss  .     T - +2 cloak {MR+}
rCorr  .         Reflect  +     R - +2 pair of gloves {Dex+3}
SustAt +         Harm     .     K - +1 pair of boots
MR     +++++     Clarity  +     U - +5 amulet of reflection
Stlth  .......... Rnd*Tele +    H - ring of Astregguyly {rPois rF+}
                                i - ring "Ycihir" {Ice MP+9 Str+2 Dex+4 SInv}

@: protection, non-regenerating, almost entirely resistant to hostile
enchantments, extremely unstealthy
A: damage resistance, recharge devices, claws 1, hooves 1, horns 1, large bone
plates 1, blurry vision 2, deformed body, dopey 2, frail 1, magic resistance 1,
negative energy resistance 1, sense surroundings 3, screaming 1, slow
regeneration 3, teleportitis 1, wild magic 1, evolution 1, MP-powered wands
a: Device Recharging, Lesser Healing, Heal Other, Divine Protection, Renounce
Religion
}: 4/15 runes: serpentine, barnacled, silver, abyssal


You were on level 2 of the Realm of Zot.
You worshipped Elyvilon.
Elyvilon was pleased with you.
You were not hungry.

You visited 11 branches of the dungeon, and saw 50 of its levels.
You visited the Abyss 4 times.
You also visited: Bailey and Wizlab.

You collected 8247 gold pieces.
You spent 2764 gold pieces at shops.

Inventory:

Hand Weapons
 a - a +8 broad axe of flaming (weapon)
 b - the +6 hunting sling of Untimely Demise {velocity, rC+ Int+3 Dex+5}
   (You found it on level 1 of the Orcish Mines)

   Any stone fired from it inflicts extra damage.
   It affects your intelligence (+3).
   It affects your dexterity (+5).
   It protects you from cold.
 c - the +9 trident of the Valley of Death {pierce, Int+3}
   (You found it on level 11 of the Dungeon)

   It inflicts extra damage upon your enemies.
   It affects your intelligence (+3).
 s - the +9 mace of the Whelk {flame, rF- Str+5}
   (You took it off a tengu conjurer on level 2 of the Depths)

   It has been specially enchanted to burn those struck by it, causing extra
   injury to most foes and up to half again as much damage against particularly
   susceptible opponents.
   It affects your strength (+5).
   It makes you vulnerable to fire.
Missiles
 q - 3 poisoned javelins (quivered)
 y - 6 silver tomahawks
 C - 958 stones
 Z - 113 sling bullets
Armour
 j - a +2 hat (worn)
 r - a +3 shield of resistance (worn)
 F - the +8 orange crystal plate armour (worn) {Archmagi, Int+3 Clar SustAt}
   (You acquired it on level 4 of the Snake Pit)

   It affects your intelligence (+3).
   It sustains your strength, intelligence and dexterity.
   It protects you against confusion.
 J - the +10 plate armour "Milumpic" {rPois rF+ MR- Regen+}
   (You bought it in a shop on level 3 of the Vaults)

   It protects you from fire.
   It protects you from poison.
   It affects your resistance to hostile enchantments.
   It increases your rate of regeneration.
 K - a +1 pair of boots (worn)
 R - a +2 pair of gloves of dexterity (worn)
 T - a +2 cloak of magic resistance (worn)
Jewellery
 i - the ring "Ycihir" (left hand) {Ice MP+9 Str+2 Dex+4 SInv}
   (You took it off a deep elf sorcerer on level 3 of the Elven Halls)

   [ring of ice]

   It enhances your ice magic, and weakens your fire magic.
   It affects your strength (+2).
   It affects your dexterity (+4).
   It makes you vulnerable to fire.
   It protects you from cold.
   It affects your magic capacity (+9).
   It lets you see invisible.
 x - an uncursed ring of resist corrosion
 z - a cursed ring of teleportation {unknown}
 D - the ring of Shaolin {EV+8}
   (You found it on level 3 of the Elven Halls)

   [ring of evasion]

   It affects your evasion (+8).
 H - the ring of Astregguyly (right hand) {rPois rF+}
   (You found it on level 5 of the Vaults)

   [ring of poison resistance]

   It protects you from fire.
   It protects you from poison.
 U - a +5 amulet of reflection (around neck)
Wands
 d - a wand of lightning (13/15)
 e - a wand of heal wounds (5/9)
 o - a wand of lightning (5/15)
 p - a wand of acid (10/15)
 v - a wand of digging (17/24)
 A - a wand of disintegration (11/24)
 B - a wand of iceblast (11/15)
 E - a wand of disintegration (8/24)
 N - a wand of iceblast (7/15)
 Q - a wand of lightning (2/15)
 S - a wand of paralysis (6/24)
 V - a wand of teleportation (8/9)
 Y - a wand of hasting (2/9)
Scrolls
 g - 9 scrolls of fog
 t - 10 scrolls of identify
 u - 2 scrolls of blinking
 w - 15 scrolls of remove curse
 G - 7 scrolls of teleportation
 O - 4 scrolls of summoning
 W - 4 scrolls of magic mapping
 X - 2 scrolls of fear
Potions
 h - 9 potions of curing
 l - a potion of magic
 n - 3 potions of heal wounds
 I - a potion of invisibility
 P - 2 potions of cancellation
Comestibles
 f - 30 bread rations
 k - 13 chunks of flesh
 m - 17 meat rations
 L - 33 fruits
 M - 2 slices of pizza


   Skills:
 + Level 15.1 Fighting
 + Level 23.5(24.4) Axes
 + Level 11.5(18.1) Maces & Flails
 + Level 4.3(14.5) Polearms
 + Level 18.6(19.4) Slings
 + Level 8.5(13.3) Throwing
 * Level 20.1 Armour
 + Level 10.2 Dodging
 + Level 5.0 Stealth
 + Level 22.3 Shields
 + Level 17.5 Invocations
 * Level 9.1 Evocations


You had 23 spell levels left.
You knew the following spells:

 Your Spells              Type           Power        Failure   Level  Hunger
a - Blink                 Tloc           N/A          100%        2    ###....


Dungeon Overview and Level Annotations

Branches:
Dungeon (15/15)            Temple (1/1) D:6            Lair (8/8) D:11
 Shoals (4/4) Lair:6        Snake (4/4) Lair:6        Slime (1/6) Lair:8
    Orc (2/2) D:10            Elf (3/3) Orc:2        Vaults (5/5) D:14
  Crypt (0/3) Vaults:3     Depths (5/5) D:15            Zot (2/5) Depths:5

Altars:
Ashenzari
Cheibriados
Dithmenos
Elyvilon
Fedhas
Gozag
Kikubaaqudgha
Makhleb
Nemelex Xobeh
Okawaru
Pakellas
Qazlal
Ru
Sif Muna
Trog
Vehumet
Xom
Yredelemnul
Zin
The Shining One
Beogh
Jiyva

Shops:
D:7 %   Orc:2 %(:*   Snake:1 }*=[*   Vaults:3 [%}=   Vaults:4 (   Depths:1 :

Portals:
Hell: Depths:1 Depths:2 Depths:3 Depths:4 Depths:5
Abyss: Depths:2 Depths:4 Depths:5
Pandemonium: Depths:3
Ziggurat: Depths:1


Innate Abilities, Weirdness & Mutations

You are resistant to damage.
You can recharge devices by infusing magical energy.
You resist negative energy.
You passively map a large area around you.
You do not regenerate naturally.
You have sharp fingernails.
You have large cloven feet.
You have a pair of small horns on your head.
You are partially covered in large bone plates (AC +2, SH +2).
Scrolls take you longer to read.
Armour fits poorly on your strangely shaped body.
You are very dopey. (Int -4)
You are frail (-10% HP).
You are resistant to hostile enchantments.
You occasionally shout uncontrollably at your foes.
You are occasionally teleported next to monsters.
Your spells are a little harder to cast, but a little more powerful.
You evolve.
You expend magic power (3 MP) to strengthen your wands.


Message History

You kill the green draconian shifter!
You slice the white draconian annihilator!!
You burn the white draconian annihilator.
The white draconian annihilator is severely wounded.
The white draconian annihilator hits you with a dagger.
The electric golem hurls lightning at you.
The bolt of lightning hits you!
* * * LOW HITPOINT WARNING * * *
The white draconian annihilator casts a spell.
The white draconian annihilator blinks!
The Killer Klown giggles crazily.
The electric golem hurls lightning at you.
The bolt of lightning hits you!
* * * LOW HITPOINT WARNING * * *
The white draconian annihilator casts a spell.
The white draconian annihilator blinks!
You beseech Elyvilon to protect your life.
The electric golem hurls lightning at you.
The bolt of lightning hits you!
You die...

.#*,,,,,.....q........##.8......#
.#*,,*,,,#...#..8#....##.#.......
.#*,,,,*8..#...#ยง..#..##.....#...
.#*,,,,,..........8p..##.....##..
.#**+**,,,**+*#.).#*+**#...####.#
.#*,,,**+**,,,##'##,,,*#.....##.#
.#*,,,*,,,*,,,#.p.#,,,*#.....#...
.#**+**,,,**+*#.8.#*+**#.#.......
.#*,,,**+**,,,##@##,,,*#.#.......
.######,,,#####.!.######.###..<##
.##...#####...##'##...##.#...###
.###'##...##)##.).##[###.#####
.##...##[##...##'##...##.#
.........................#
.................#########
##################


You could see a Killer Klown and an electric golem.

Vanquished Creatures
  A juggernaut (Depths:3)
  2 orbs of fire (Zot:1)
  2 ancient liches (Vaults:5)
  Mennas (Depths:4)
  Vashnia (Snake:2)
  Norris (Depths:1)
  Saint Roka (Depths:1)
  A caustic shrike (Depths:3)
  the Enchantress (Depths:2)
  Jory (Vaults:4)
  5 golden dragons
  3 Killer Klowns
  Nikola (Shoals:3)
  A bone dragon (Zot:1)
  A Hellbinder (WizLab)
  9 tentacled monstrosities
  Rupert (Lair:6)
  4 liches
  Asterion (Depths:1)
  A quicksilver dragon (Vaults:4)
  5 titans
  3 deep elf blademasters
  3 tentacled starspawn
  A kraken (Shoals:3)
  Gastronok (D:9)
  3 sphinxes
  2 death cobs (Zot:1)
  5 shadow dragons
  4 tengu reavers
  Ilsuiw (Shoals:4)
  6 storm dragons
  Roxanne (Elf:3)
  Donald (Orc:2)
  7 greater nagas
  8 fire giants
  10 frost giants
  3 iron dragons
  12 deep elf sorcerers
  A balrug (WizLab)
  Louise (D:15)
  A draconian scorcher (Zot:1)
  Aizul (Snake:3)
  3 deep elf elementalists
  2 draconian shifters
  An orc warlord (Vaults:1)
  2 draconian knights
  A cacodemon (WizLab)
  2 ghouls
  A draconian zealot (Zot:1)
  12 vault wardens
  6 spriggan defenders
  4 war gargoyles
  7 caustic shrike skeletons
  26 ironheart preservers
  28 very ugly things
  A draconian annihilator (Depths:5)
  A draconian caller (Zot:1)
  The ghost of Reyan the Prestidigitator, a journeyman DDFi of Okawaru (Snake:2)
  22 stone giants
  9 vampire knights
  5 deep elf annihilators
  A green draconian (Zot:1)
  5 black draconians
  Azrael (Snake:1)
  Nessos (Lair:7)
  3 salamander stormcallers
  7 deep elf demonologists
  5 white draconians
  4 yellow draconians
  3 purple draconians
  10 red draconians
  4 spark wasps (Depths:2)
  6 mottled draconians (Zot:1)
  2 blizzard demons
  Snorg (Lair:4)
  2 green deaths
  2 deep elf high priests (Elf:3)
  4 merfolk javelineers (Shoals:4)
  40 vault guards
  4 jiangshi
  5 deep elf death magi
  15 ettins
  Erolcha (D:9)
  Josephine (D:10)
  10 merfolk impalers
  16 yaktaur captains
  10 fire dragons
  3 entropy weavers (Depths:2)
  3 hell beasts
  15 naga warriors
  10 great orbs of eyes
  Fannar (D:10)
  5 hydras
  4 rakshasas
  5 ice dragons
  9 spriggan air magi
  An anaconda (shapeshifter) (Vaults:5)
  9 centaur warriors
  17 ogre magi
  4 merfolk avatars
  A ghost crab (shapeshifter) (Vaults:1)
  The ghost of rockintein the Cleaver, a novice MiBe of Trog (D:12)
  3 catoblepae (Lair:8)
  5 anacondas
  4 merfolk aquamancers
  An alligator snapping turtle (Shoals:3)
  6 deep troll earth magi
  27 dancing weapons
  5 deep troll shamans
  3 death knights
  11 death yaks
  A death yak (shapeshifter) (Vaults:4)
  A hell hog (Abyss:4)
  6 tengu warriors
  4 vampire magi
  2 orc high priests
  2 titan skeletons (Depths:4)
  17 naga sharpshooters
  4 thrashing horrors (Abyss:4)
  9 spriggan berserkers
  5 hell knights (Depths:5)
  6 shock serpents
  A sun demon (Depths:5)
  25 deep elf knights
  A fire crab (shapeshifter) (Elf:3)
  5 soul eaters
  4 wretched stars
  2 shadow wraiths (Vaults:4)
  A spark wasp zombie (Depths:3)
  8 skeletal warriors
  A salamander mystic (Snake:3)
  2 iron trolls
  12 sea snakes
  2 spatial maelstroms (Abyss:2)
  A giant orange brain (Depths:3)
  An unseen horror (shapeshifter) (Elf:1)
  5 unseen horrors
  5 naga ritualists
  2 golden dragon zombies
  25 deep trolls
  A kraken simulacrum (Shoals:4)
  7 spriggan druids (Depths:2)
  9 deep elf archers
  5 flayed ghosts
  8 hill giants
  19 orc knights
  A shadow dragon zombie (Depths:3)
  A harpy (shapeshifter) (Depths:3)
  A hill giant (shapeshifter) (Vaults:5)
  8 phantasmal warriors
  7 necromancers
  A mana viper (shapeshifter) (Elf:3)
  4 wizards
  17 ironbrand convokers
  4 hornets
  A golden dragon skeleton (Depths:4)
  A tengu skeleton (Depths:4)
  4 mana vipers
  20 harpies
  77 deep elf magi
  3 wolf spiders
  6 fauns (Shoals:3)
  12 orc sorcerers
  9 griffons
  2 shadow dragon skeletons
  A faun (shapeshifter) (Depths:3)
  33 ugly things
  A worldbinder (Abyss:2)
  An orb spider (shapeshifter) (D:15)
  An iron dragon skeleton (Depths:4)
  17 manticores
  A frost giant zombie (Depths:4)
  12 cyclopes
  A human skeleton (Vaults:5)
  10 moths of wrath
  2 frost giant skeletons
  5 salamanders
  4 guardian serpents
  2 rust devils (WizLab)
  2 black mambas (shapeshifter)
  5 sirens
  29 naga magi
  36 black mambas
  4 water nymphs
  A stone giant skeleton (Abyss:2)
  2 elephants (Lair:5)
  13 vault sentinels
  A guardian serpent (shapeshifter) (Vaults:3)
  2 orange demons
  2 molten gargoyles (Lair:4)
  2 smoke demons
  3 gargoyles
  Psyche (D:8)
  A hellion (Abyss:2)
  11 spiny frogs
  2 spriggan skeletons (Depths:4)
  A spiny frog (shapeshifter) (Depths:5)
  3 elf skeletons (Depths:4)
  48 yaktaurs
  3 kobold demonologists
  4 rime drakes
  A rime drake (shapeshifter) (Depths:2)
  A tormentor (WizLab)
  6 komodo dragons
  5 tengu conjurers
  4 freezing wraiths
  An ice devil (WizLab)
  An efreet (D:14)
  5 red devils (WizLab)
  5 trolls
  A wind drake (shapeshifter) (Depths:2)
  52 merfolk
  2 ancient zymes
  A jumping spider (Depths:2)
  16 two-headed ogres
  7 boulder beetles
  A polar bear (shapeshifter) (Vaults:4)
  2 wind drakes
  A two-headed ogre (shapeshifter) (Vaults:1)
  17 slime creatures
  4 raiju
  19 blink frogs
  9 snapping turtles
  An ettin zombie (Vaults:5)
  2 flying skulls (Depths:4)
  11 air elementals
  7 redbacks
  A redback (shapeshifter) (Depths:1)
  A spriggan simulacrum (Depths:5)
  2 shadows
  46 yaks
  2 ynoxinuls
  47 spriggans
  22 water elementals
  A tarantella (shapeshifter) (Vaults:4)
  6 wraiths
  9 small abominations
  3 tarantellas
  A wyvern (shapeshifter) (Vaults:1)
  6 wyverns
  6 basilisks
  A basilisk (shapeshifter) (Depths:2)
  11 fire elementals
  10 hippogriffs
  Grum (D:8)
  An elf zombie (Depths:4)
  A redback simulacrum (Vaults:2)
  11 vampire mosquitoes
  5 hungry ghosts
  62 nagas
  10 wargs
  A mottled dragon (D:14)
  A human zombie (Depths:4)
  13 water moccasins
  A hell hound (Snake:1)
  A giant eyeball (shapeshifter) (Vaults:5)
  5 large abominations
  A giant eyeball (Depths:5)
  54 orc warriors
  9 porcupines
  21 wasps
  5 ice beasts
  3 sky beasts
  6 necrophages
  A black bear (shapeshifter) (Depths:5)
  10 wolves
  17 boggarts
  An elephant zombie (Lair:6)
  A phantom (D:12)
  An eye of draining (D:11)
  22 centaurs
  56 ogres
  16 crocodiles
  A crocodile (shapeshifter) (Depths:2)
  A big kobold (D:7)
  2 earth elementals
  24 giant frogs
  A glowing shapeshifter simulacrum (Vaults:3)
  2 wyvern skeletons
  3 scorpions
  2 spriggan zombies
  17 killer bees
  7 electric eels
  26 wights
  5 howler monkeys
  2 vampire bats (Lair:6)
  5 lava snakes (Lair:4)
  9 crimson imps
  5 jellies
  22 starcursed masses
  4 giant frog zombies
  5 hounds
  A quasit (D:11)
  2 centaur zombies
  A jelly (shapeshifter) (Vaults:3)
  48 orc wizards
  42 orc priests
  2 iron imps (Abyss:2)
  4 centaur skeletons
  2 giant frog skeletons (D:10)
  8 iguanas
  9 worker ants
  2 lightning spires (Abyss:4)
  35 sheep
  A crocodile zombie (Lair:6)
  3 hound zombies
  3 hound skeletons
  A howler monkey skeleton (D:8)
  2 worker ant zombies
  4 gnolls
  10 adders
  35 river rats
  3 shadow imps
  2 oozes
  3 adder zombies
  2 worms
  2 dart slugs
  6 giant geckos
  134 orcs
  2 ball pythons
  8 bats
  4 giant cockroaches
  5 goblins
  10 hobgoblins
  14 jackals
  4 quokkas
  A giant cockroach zombie (D:5)
  A giant gecko zombie (D:6)
  6 giant newts
  11 kobolds
  9 rats
  3 bushes
  3 crawling corpses (Elf:3)
  6 fungi
  8 plants
  A spectral weapon (Depths:1)
  2 starspawn tentacles
  4 tentacles
2530 creatures vanquished.

Vanquished Creatures (collateral kills)
  An ancient zyme (Depths:2)
1 creature vanquished.

Vanquished Creatures (others)
  A titan (Vaults:5)
  A deep elf master archer (Elf:3)
  A deep elf sorcerer (Elf:3)
  A vault warden (Vaults:2)
  A frost giant (Vaults:5)
  2 draconian scorchers (Zot:1)
  2 deep elf elementalists
  A stone giant (Vaults:2)
  4 yaktaur captains
  4 merfolk javelineers
  4 deep elf high priests
  4 centaur warriors
  A merfolk aquamancer (Shoals:3)
  2 satyrs
  A hell hog (shapeshifter) (Vaults:5)
  3 death yaks (Lair:8)
  7 naga sharpshooters
  2 deep elf knights
  A flayed ghost (Vaults:4)
  2 unseen horrors
  8 deep elf archers
  5 deep elf magi
  An orc knight (Vaults:5)
  A faun (Shoals:3)
  4 cyclopes
  A naga mage (Snake:4)
  12 yaktaurs
  2 merfolk
  A slime creature (Vaults:1)
  An air elemental (Depths:3)
  A water elemental (Abyss:2)
  4 yaks
  A fire bat (Abyss:4)
  A vampire mosquito (Vaults:1)
  A deep troll zombie (Vaults:5)
  2 wolves (Lair:4)
  An ogre (Vaults:1)
  6 centaurs
  8 killer bees
  A howler monkey (D:7)
  An orc priest (Vaults:5)
  An orc wizard (D:14)
  2 river rats (Lair:2)
  A giant gecko (D:7)
  An orc (D:10)
  A kobold (D:7)
  3 bushes
  12 fungi
  45 plants
  6 starspawn tentacles
  126 starspawn tentacle segments (Abyss:2)
  16 tentacles
  1639 tentacle segments
1961 creatures vanquished.

Grand Total: 4492 creatures vanquished

Notes
Turn   | Place    | Note
--------------------------------------------------------------
     0 | D:1      | dvd the Deep Dwarf Fighter began the quest for the Orb.
     0 | D:1      | Reached XP level 1. HP: 20/20 MP: 1/1
   139 | D:1      | Reached XP level 2. HP: 27/27 MP: 2/2
   235 | D:1      | Reached XP level 3. HP: 22/33 MP: 3/3
  1007 | D:2      | Reached skill level 1 in Dodging
  1256 | D:2      | Reached XP level 4. HP: 21/42 MP: 4/4
  1526 | D:3      | Found a radiant altar of Vehumet.
  1682 | D:3      | Found a white marble altar of Elyvilon.
  1946 | D:3      | Gained mutation: You are dopey. (Int -2) [potion of mutation]
  1946 | D:3      | Gained mutation: You are weak. (Str -2) [potion of mutation]
  1946 | D:3      | Gained mutation: You can translocate small distances at will. [potion of mutation]
  1948 | D:3      | Lost mutation: You are dopey. (Int -2) [potion of cure mutation]
  1948 | D:3      | Lost mutation: You are weak. (Str -2) [potion of cure mutation]
  1979 | D:3      | Found a bloodstained altar of Trog.
  1980 | D:3      | Found a shattered altar of Ashenzari.
  2038 | D:3      | Became a worshipper of Elyvilon the Healer
  2130 | D:3      | Found a sparkling altar of Nemelex Xobeh.
  2199 | D:3      | Reached skill level 3 in Axes
  2199 | D:3      | Reached XP level 5. HP: 16/49 MP: 5/5
  2755 | D:4      | Reached * piety under Elyvilon
  2949 | D:4      | Found a snail-covered altar of Cheibriados.
  2997 | D:4      | Reached XP level 6. HP: 26/56 MP: 6/6
  3060 | D:5      | Entered Level 5 of the Dungeon
  3087 | D:5      | Reached skill level 5 in Armour
  3179 | D:5      | Killed an unseen horror
  3179 | D:5      | Reached skill level 5 in Shields
  3179 | D:5      | Reached skill level 1 in Evocations
  3179 | D:5      | Reached XP level 7. HP: 27/64 MP: 7/7
  3259 | D:5      | Reached skill level 1 in Maces & Flails
  3279 | D:5      | Reached XP level 8. HP: 26/72 MP: 8/8
  3475 | D:5      | Reached skill level 1 in Invocations
  4017 | D:6      | Reached skill level 1 in Throwing
  4098 | D:6      | Found a staircase to the Ecumenical Temple.
  4104 | Temple   | Entered the Ecumenical Temple
  4467 | D:6      | Gained mutation: You passively map the area around you. [Deep Dwarf growth]
  4467 | D:6      | Reached XP level 9. HP: 65/79 MP: 10/10
  4893 | D:6      | Found a blossoming altar of Fedhas.
  4897 | D:6      | Reached ** piety under Elyvilon
  5135 | D:6      | Reached skill level 5 in Dodging
  5302 | D:7      | Reached skill level 1 in Stealth
  5537 | D:7      | Reached skill level 5 in Fighting
  6026 | D:7      | Found Cion's Food Boutique.
  6119 | D:7      | Reached XP level 10. HP: 60/88 MP: 11/11
  6777 | D:8      | Noticed Grum
  6816 | D:8      | Killed Grum
  7386 | D:9      | Noticed Psyche
  7386 | D:9      | Noticed Gastronok
  7410 | D:8      | Killed Psyche
  7410 | D:8      | Reached skill level 5 in Maces & Flails
  7501 | D:9      | Killed Gastronok
  7501 | D:9      | Reached skill level 10 in Shields
  7754 | D:9      | Reached XP level 11. HP: 54/97 MP: 12/14
  7818 | D:9      | Noticed Erolcha
  7834 | D:9      | Killed Erolcha
  7928 | D:9      | Found a flagged portal.
  7936 | Bailey   | Entered a bailey
  7936 | Bailey   | Noticed an orc knight
  7936 | Bailey   | Noticed an orc knight
  7936 | Bailey   | Noticed protoss039's ghost (novice MiFi)
  7970 | Bailey   | Elyvilon protects you from harm!
  7980 | Bailey   | HP: 3/97 [protoss039's ghost (3)]
  8294 | D:9      | Found a burning altar of Makhleb.
  8294 | D:9      | Found a glowing silver altar of Zin.
  8295 | D:9      | Noticed an angel
  8295 | D:9      | Noticed a blizzard demon
  8344 | D:9      | Found a glowing golden altar of the Shining One.
  8544 | D:10     | Entered Level 10 of the Dungeon
  8586 | D:10     | Noticed a brown ugly thing
  8619 | D:10     | Killed a brown ugly thing
  8633 | D:10     | Noticed Fannar
  8730 | D:10     | Elyvilon protects you from harm!
  8732 | D:10     | Killed Fannar
  8922 | D:10     | Found a roughly hewn altar of Beogh.
  9303 | D:10     | Found a staircase to the Orcish Mines.
  9436 | D:10     | Killed an unseen horror
  9587 | D:10     | Killed an unseen horror
  9587 | D:10     | Reached skill level 5 in Invocations
  9637 | D:10     | Found a white marble altar of Elyvilon.
 10176 | D:10     | Killed an unseen horror
 10382 | D:10     | Noticed Josephine
 10411 | D:10     | Killed Josephine
 10423 | D:10     | Reached XP level 12. HP: 58/106 MP: 15/15
 10781 | D:11     | Noticed a centaur warrior
 10799 | D:11     | Killed a centaur warrior
 10799 | D:11     | Reached skill level 10 in Armour
 11017 | D:11     | Got a transparent trident
 11018 | D:11     | Identified the +9 trident of the Valley of Death {pierce, Int+3} (You found it on level 11 of the Dungeon)
 11160 | D:11     | Noticed an eight-headed hydra
 11186 | D:11     | HP: 5/109 [eight-headed hydra (2)]
 11189 | D:11     | HP: 1/109 [eight-headed hydra (4)]
 11189 | D:11     | Elyvilon protects you from harm!
 11273 | Orc:1    | Entered Level 1 of the Orcish Mines
 11797 | Orc:1    | Got a crude hunting sling
 11800 | Orc:1    | Identified the +6 hunting sling of Untimely Demise {velocity, rC+ Int+3 Dex+5} (You found it on level 1 of the Orcish Mines)
 12056 | Orc:2    | Entered Level 2 of the Orcish Mines
 12179 | Orc:2    | Found a staircase to the Elven Halls.
 12276 | Orc:2    | Noticed Donald
 12901 | D:11     | Found a staircase to the Lair.
 12913 | Lair:1   | Entered Level 1 of the Lair of Beasts
 13199 | Lair:1   | Gained mutation: You tend to lose your temper in combat. [potion of mutation]
 13199 | Lair:1   | Lost mutation: You can translocate small distances at will. [potion of mutation]
 13199 | Lair:1   | Gained mutation: You evolve. [potion of mutation]
 13341 | Lair:1   | Gained mutation: You are surrounded by a mild repulsion field (EV +2). [evolution]
 14238 | Lair:2   | Reached XP level 13. HP: 116/117 MP: 16/16
 15801 | Lair:3   | Identified a scroll of acquirement
 16536 | Lair:4   | Reached *** piety under Elyvilon
 16870 | Lair:4   | Reached skill level 4 in Axes
 17052 | Lair:4   | Noticed Snorg
 17074 | Lair:4   | Killed Snorg
 17074 | Lair:4   | Reached skill level 1 in Slings
 17778 | Lair:5   | Gained mutation: Scrolls take you a little longer to read. [evolution]
 19050 | Lair:6   | Found a staircase to the Snake Pit.
 19068 | Lair:6   | Noticed Rupert
 19125 | Lair:6   | Killed Rupert
 19125 | Lair:6   | Reached skill level 5 in Slings
 19192 | Lair:6   | Gained mutation: You resist negative energy. [Deep Dwarf growth]
 19192 | Lair:6   | Reached XP level 14. HP: 36/127 MP: 18/18
 19648 | Lair:6   | Found a staircase to the Shoals.
 20001 | Lair:7   | Reached skill level 5 in Throwing
 20103 | Lair:7   | Got a distressingly furry leather armour
 20114 | Lair:7   | Identified the +3 leather armour "Zuuprargh" {MR- Dex+5 SInv} (You found it on level 7 of the Lair of Beasts)
 20239 | Lair:7   | Noticed Nessos
 20262 | Lair:7   | Killed Nessos
 20795 | Lair:8   | Entered Level 8 of the Lair of Beasts
 20881 | Lair:8   | Reached **** piety under Elyvilon
 21198 | Lair:8   | Lost mutation: Scrolls take you a little longer to read. [evolution]
 21466 | Lair:8   | Got a pitted ivory ring
 21468 | Lair:8   | Identified the ring "Fereqethro" {SustAt +Inv +Fly rF- MR+} (You found it on level 8 of the Lair of Beasts)
 21474 | Lair:8   | Identified a +3 rod of inaccuracy (13/13) (You found it on level 8 of the Lair of Beasts)
 21889 | Lair:8   | Found a viscous altar of Jiyva.
 21889 | Lair:8   | Found a staircase to the Slime Pits.
 21974 | Lair:8   | Reached skill level 5 in Axes
 23172 | D:10     | Reached skill level 10 in Invocations
 23476 | Orc:2    | Killed Donald
 23946 | Orc:2    | Reached XP level 15. HP: 114/135 MP: 20/20
 24048 | Orc:2    | Found Eshafy's Antique Weapon Emporium.
 24048 | Orc:2    | Found Qeodgh's Assorted Antiques.
 24120 | Orc:2    | Found Sinaat Xixaq's Food Emporium.
 24120 | Orc:2    | Found Cerphun's Book Shoppe.
 24756 | D:12     | Found an oddly glowing altar of Pakellas.
 24854 | D:12     | Noticed rockintein's ghost (novice MiBe)
 24901 | D:12     | Killed rockintein's ghost
 26040 | D:12     | Gained mutation: You passively map a large area around you. [evolution]
 26415 | D:13     | Reached skill level 10 in Maces & Flails
 26833 | D:14     | Found a gate to the Vaults.
 27091 | D:14     | Reached skill level 15 in Shields
 27756 | D:15     | Entered Level 15 of the Dungeon
 27944 | D:15     | Got a polished quarterstaff
 28416 | D:15     | Found a staircase to the Depths.
 28829 | D:15     | Noticed Louise
 28838 | D:15     | Cast into level 2 of the Abyss (Louise)
 28885 | D:15     | Escaped the Abyss
 28921 | D:15     | Killed Louise
 29263 | Snake:1  | Entered Level 1 of the Snake Pit
 29324 | Snake:1  | Found Lusasuf's Gadget Shop.
 29331 | Snake:1  | Found Retijycs's Assorted Antiques.
 29457 | Snake:1  | Found Doduada's Armour Emporium.
 29457 | Snake:1  | Found Ycuapayx's General Store.
 29669 | Snake:1  | Reached XP level 16. HP: 96/145 MP: 23/23
 29835 | Snake:1  | Found Bokhirahe's Jewellery Boutique.
 30093 | Snake:1  | Reached skill level 10 in Slings
 31102 | Snake:1  | Bought an uncursed amulet of the gourmand for 540 gold pieces
 31181 | Snake:2  | Noticed Reyan's ghost (journeyman DDFi)
 31224 | Snake:2  | Killed Reyan's ghost
 31309 | Snake:2  | Noticed Azrael
 31377 | Snake:1  | Killed Azrael
 31725 | Snake:2  | Noticed Vashnia
 31785 | Snake:2  | Killed Vashnia
 32578 | Snake:3  | Noticed Aizul
 32613 | Snake:3  | Killed Aizul
 32613 | Snake:3  | Reached skill level 10 in Fighting
 33919 | Snake:4  | Entered Level 4 of the Snake Pit
 34268 | Snake:4  | Reached XP level 17. HP: 124/153 MP: 25/25
 34539 | Snake:4  | Identified the cursed +1 quarterstaff "Duolom" {flame, Str+3 SInv} (You found it on level 15 of the Dungeon)
 35078 | Snake:4  | Reached skill level 6 in Axes
 36346 | Snake:4  | Got a serpentine rune of Zot
 36988 | Elf:1    | Entered Level 1 of the Elven Halls
 37713 | Elf:1    | Reached skill level 15 in Invocations
 37983 | Elf:1    | Gained mutation: You are weak. (Str -2) [a neqoxec]
 38206 | Elf:1    | Cast into level 2 of the Abyss (a deep elf demonologist)
 38285 | Abyss:2  | Found a corrupted altar of Lugonu.
 38516 | Elf:1    | Escaped the Abyss
 38526 | Elf:1    | Noticed a Hell Sentinel
 38759 | Elf:1    | Cast into level 2 of the Abyss (a deep elf sorcerer)
 38913 | Abyss:2  | Found a corrupted altar of Lugonu.
 38942 | Abyss:2  | Mutation became permanent: You passively map a large area around you. [Deep Dwarf growth]
 38942 | Abyss:2  | Reached XP level 18. HP: 138/145 MP: 27/27
 38997 | Abyss:2  | Paralysed by accursed screaming for 1 turns
 39001 | Abyss:2  | Paralysed by accursed screaming for 2 turns
 39012 | Abyss:2  | Paralysed by accursed screaming for 1 turns
 39273 | Abyss:2  | Found a corrupted altar of Lugonu.
 39680 | Abyss:2  | Gained mutation: You are dopey. (Int -2) [evolution]
 39748 | Elf:1    | Escaped the Abyss
 40099 | Shoals:1 | Entered Level 1 of the Shoals
 40134 | Lair:6   | Reached skill level 7 in Axes
 40644 | Shoals:1 | Reached skill level 15 in Slings
 42196 | Shoals:3 | Reached ***** piety under Elyvilon
 42691 | Shoals:3 | Noticed Nikola
 42784 | Shoals:3 | Killed Nikola
 42784 | Shoals:3 | Reached skill level 8 in Axes
 43192 | Shoals:3 | Lost mutation: You evolve. [potion of cure mutation]
 43192 | Shoals:3 | Lost mutation: You tend to lose your temper in combat. [potion of cure mutation]
 43192 | Shoals:3 | Lost mutation: You are weak. (Str -2) [potion of cure mutation]
 43192 | Shoals:3 | Lost mutation: You are surrounded by a mild repulsion field (EV +2). [potion of cure mutation]
 43350 | Shoals:4 | Entered Level 4 of the Shoals
 43800 | Shoals:4 | Noticed Ilsuiw
 43874 | Shoals:4 | Killed Ilsuiw
 43898 | Shoals:4 | HP: 7/163 [frost giant/bolt of cold (52)]
 43903 | Shoals:4 | Reached skill level 9 in Axes
 43947 | Shoals:3 | Reached XP level 19. HP: 50/170 MP: 26/26
 44551 | Shoals:4 | Got a twisted arbalest
 44557 | Shoals:4 | Identified the +6 arbalest of Peace {flame, rN+} (You found it on level 4 of the Shoals)
 45480 | Shoals:4 | Got a barnacled rune of Zot
 46312 | Elf:2    | Reached skill level 10 in Axes
 46331 | Elf:2    | Found a runed gate.
 46331 | Elf:2    | Found a runed gate.
 46335 | Elf:2    | Found a runed gate.
 47617 | Elf:3    | Entered Level 3 of the Elven Halls
 47785 | Elf:3    | Noticed Roxanne
 47835 | Elf:3    | Killed Roxanne
 47837 | Elf:3    | Identified Roxanne's Collected Works on Clay (You took it off Roxanne on level 3 of the Elven Halls)
 47905 | Elf:3    | Reached skill level 15 in Armour
 47971 | Elf:3    | Found a magical portal.
 48003 | WizLab   | Entered The Hall of Loam Ucs the Hellbinder
 48252 | WizLab   | Gained mutation: You are clumsy. (Dex -2) [a cacodemon]
 48719 | WizLab   | Noticed Loam Ucs
 48736 | WizLab   | Killed Loam Ucs the Hellbinder
 48741 | WizLab   | Found a burning altar of Makhleb.
 48785 | WizLab   | Identified the Reference Book on Summoning
 48824 | WizLab   | Identified the Handbook of the Sparrow
 48959 | Elf:3    | Reached XP level 20. HP: 170/178 MP: 28/28
 48975 | Elf:3    | Reached skill level 11 in Axes
 49293 | Elf:3    | Got a bound iron ring
 49294 | Elf:3    | Got a polished war axe {drain}
 49295 | Elf:3    | Identified the cursed +1 war axe "Ox" {drain, rElec MR+} (You took it off a deep elf sorcerer on level 3 of the Elven Halls)
 49297 | Elf:3    | Identified the ring "Ycihir" {Ice MP+9 Str+2 Dex+4 SInv} (You took it off a deep elf sorcerer on level 3 of the Elven Halls)
 50098 | Elf:3    | Got a faintly humming ring mail
 50109 | Elf:3    | Identified the +1 ring mail of Dawn {Regen+} (You found it on level 3 of the Elven Halls)
 50181 | Elf:3    | Identified a +5 rod of clouds (13/13) (You found it on level 3 of the Elven Halls)
 50470 | Elf:3    | Learned a level 2 spell: Blink
 50479 | Elf:3    | Identified Ymeqi Jabia's Catalogue of Dusty Contamination (You found it on level 3 of the Elven Halls)
 50608 | Elf:3    | Reached skill level 12 in Axes
 51054 | Vaults:1 | Entered Level 1 of the Vaults
 52189 | Vaults:1 | Gained mutation: You evolve. [mutagenic meat]
 52190 | Vaults:1 | Gained mutation: You tend to lose your temper in combat. [mutagenic meat]
 52191 | Vaults:1 | Lost mutation: You tend to lose your temper in combat. [mutagenic meat]
 52195 | Vaults:1 | Lost mutation: You are dopey. (Int -2) [mutagenic meat]
 52240 | Vaults:1 | Reached skill level 13 in Axes
 52609 | Vaults:1 | Gained mutation: You are frail (-10% HP). [mutagenic meat]
 52622 | Vaults:1 | Gained mutation: Armour fits poorly on your strangely shaped body. [mutagenic meat]
 52623 | Vaults:1 | Gained mutation: Your system is resistant to poisons. [mutagenic meat]
 52644 | Vaults:1 | Lost mutation: You are frail (-10% HP). [potion of cure mutation]
 52644 | Vaults:1 | Lost mutation: You evolve. [potion of cure mutation]
 52644 | Vaults:1 | Lost mutation: You are clumsy. (Dex -2) [potion of cure mutation]
 52745 | Vaults:1 | Reached XP level 21. HP: 164/187 MP: 29/29
 52747 | Vaults:1 | Lost mutation: Your system is resistant to poisons. [potion of cure mutation]
 52747 | Vaults:1 | Lost mutation: Armour fits poorly on your strangely shaped body. [potion of cure mutation]
 52881 | Vaults:1 | Reached skill level 14 in Axes
 53176 | Vaults:1 | Got a pair of blackened gloves
 53187 | Vaults:1 | Identified the +0 pair of gloves of Focus {rPois} (You acquired it on level 1 of the Vaults)
 54591 | Vaults:2 | Reached skill level 15 in Axes
 54931 | Vaults:3 | Found a staircase to the Crypt.
 55244 | Vaults:3 | Found Imiyrip's Food Shoppe.
 55548 | Vaults:3 | Found Weetwuojai's Armour Shoppe.
 55556 | Vaults:3 | Bought the +10 plate armour "Milumpic" {rPois rF+ MR- Regen+} for 1827 gold pieces
 55667 | Vaults:3 | Found Soedd's Gadget Emporium.
 55824 | Vaults:3 | Found Ubopuhol's Jewellery Shop.
 56120 | Vaults:4 | Reached skill level 1 in Polearms
 56120 | Vaults:4 | Reached XP level 22. HP: 178/198 MP: 30/30
 56780 | Vaults:4 | Got an iridescent hand axe {chop}
 56781 | Vaults:4 | Identified the +4 hand axe of the Valley {chop, *Drain rN+++ MR++} (You took it off an orc sorcerer on level 4 of the Vaults)
 57009 | Vaults:4 | Reached skill level 16 in Axes
 57155 | Vaults:4 | Found Zuesuesoy's Antique Weapon Shoppe.
 57160 | Vaults:4 | Bought a crystal hunting sling for 240 gold pieces
 57164 | Vaults:4 | Identified the +8 hunting sling of Reizutie {freeze, MR+} (You bought it in a shop on level 4 of the Vaults)
 58062 | Depths:1 | Entered Level 1 of the Depths
 58091 | Depths:1 | Found Sampidul's One-of-a-Kind Books.
 58091 | Depths:1 | Noticed Asterion
 58115 | Depths:1 | Killed Asterion
 58129 | Depths:1 | Found a gateway to a ziggurat.
 58179 | Depths:1 | Noticed Norris
 58194 | Depths:1 | Killed Norris
 58213 | Depths:1 | Reached skill level 5 in Stealth
 58276 | Depths:1 | Noticed Saint Roka
 58304 | Depths:1 | Killed Saint Roka
 58444 | Depths:1 | Elyvilon protects you from harm!
 59069 | Orc:2    | Bought a scroll of enchant weapon for 157 gold pieces
 59311 | Depths:1 | Found a gateway to Hell.
 59403 | Depths:1 | Reached skill level 17 in Axes
 59480 | Depths:2 | Got a shimmering cloak
 59491 | Depths:2 | Identified the cursed +0 cloak of Pessimism {Dex+4} (You found it on level 2 of the Depths)
 60015 | Depths:2 | Elyvilon protects you from harm!
 60015 | Depths:2 | HP: 2/200 [ettin/polished giant club {speed} (31)]
 60044 | Depths:2 | HP: 8/200 [spriggan rider/spear (16)]
 60092 | Depths:2 | Reached XP level 23. HP: 199/207 MP: 31/31
 60229 | Depths:2 | Got a faintly glowing mace {flame}
 60230 | Depths:2 | Identified the +9 mace of the Whelk {flame, rF- Str+5} (You took it off a tengu conjurer on level 2 of the Depths)
 60458 | Depths:2 | Got a smoking spear
 60459 | Depths:2 | Identified the cursed +1 spear "Vicwul" {flame, +Blink rF+ rC+} (You found it on level 2 of the Depths)
 60741 | Depths:2 | Got a polished buckler
 60752 | Depths:2 | Identified the +2 buckler of Goghu {Str+2} (You took it off a spriggan air mage on level 2 of the Depths)
 60887 | Depths:2 | Noticed the Enchantress
 60909 | Depths:2 | Cast into level 4 of the Abyss (the Enchantress)
 60956 | Abyss:4  | Got an abyssal rune of Zot
 61090 | Abyss:4  | Got a heavily runed chain mail
 61095 | Depths:2 | Escaped the Abyss
 61128 | Depths:2 | Killed the Enchantress
 61131 | Depths:2 | Got a faerie dragon armour
 61219 | Depths:2 | Reached skill level 18 in Axes
 61237 | Depths:2 | Identified the +7 chain mail "Xuxulir" {Str+2} (You found it on level 4 of the Abyss)
 61301 | Depths:2 | Found a one-way gate to the infinite horrors of the Abyss.
 61362 | Depths:2 | Found a bloodstained altar of Trog.
 62302 | Depths:3 | Reached skill level 10 in Dodging
 62395 | Depths:3 | Identified the Tome of Quantum Conjuration
 62626 | Depths:3 | Reached skill level 19 in Axes
 62808 | Depths:3 | Noticed a caustic shrike
 62844 | Depths:3 | Killed a caustic shrike
 62875 | Depths:3 | Noticed a juggernaut
 62944 | Depths:3 | Killed a juggernaut
 63042 | Depths:3 | Reached XP level 24. HP: 212/218 MP: 31/31
 63100 | Depths:3 | Identified Voba's Tome of Unstable Arcane Weapons (You found it on level 3 of the Depths)
 63518 | Depths:3 | Found a one-way gate leading to the halls of Pandemonium.
 64208 | Vaults:5 | Entered Level 5 of the Vaults
 64280 | Vaults:4 | Reached skill level 20 in Axes
 64332 | Vaults:5 | Reached skill level 5 in Evocations
 64404 | Vaults:5 | Noticed Jory
 64529 | Vaults:4 | Killed Jory
 64529 | Vaults:4 | Reached skill level 21 in Axes
 64640 | Vaults:5 | Noticed an ancient lich
 64653 | Vaults:5 | Killed an ancient lich
 64729 | Vaults:5 | Got a silver rune of Zot
 64745 | Vaults:5 | Identified the Papyrus of Flight and Curses (You found it on level 5 of the Vaults)
 64902 | Vaults:5 | Noticed an ancient lich
 64918 | Vaults:5 | Killed an ancient lich
 64952 | Vaults:5 | Got a transparent golden ring
 64954 | Vaults:5 | Identified the ring of Astregguyly {rPois rF+} (You found it on level 5 of the Vaults)
 65009 | Vaults:5 | Reached XP level 25. HP: 229/229 MP: 30/30
 65018 | Vaults:5 | Identified Baicieb's Hermeneutics, Part Five (You found it on level 5 of the Vaults)
 65967 | Vaults:5 | Gained mutation: You are resistant to hostile enchantments. [potion of mutation]
 65967 | Vaults:5 | Gained mutation: You are dopey. (Int -2) [potion of mutation]
 65967 | Vaults:5 | Gained mutation: You tend to lose your temper in combat. [potion of mutation]
 65968 | Vaults:5 | Gained mutation: You are frail (-10% HP). [potion of mutation]
 65968 | Vaults:5 | Gained mutation: You expend magic power (3 MP) to strengthen your wands. [potion of mutation]
 65969 | Vaults:5 | Lost mutation: You are dopey. (Int -2) [potion of cure mutation]
 65969 | Vaults:5 | Lost mutation: You tend to lose your temper in combat. [potion of cure mutation]
 65969 | Vaults:5 | Lost mutation: You are resistant to hostile enchantments. [potion of cure mutation]
 66707 | Snake:2  | Gained mutation: You are partially covered in large bone plates (AC +2, SH +2). [potion of mutation]
 66707 | Snake:2  | Gained mutation: Armour fits poorly on your strangely shaped body. [potion of mutation]
 66823 | Slime:1  | Entered Level 1 of the Pits of Slime
 67296 | Depths:4 | Gained mutation: Your spells are a little harder to cast, but a little more powerful. [mutagenic meat]
 67297 | Depths:4 | Gained mutation: You have a pair of small horns on your head. [mutagenic meat]
 67299 | Depths:4 | Gained mutation: You occasionally shout uncontrollably at your foes. [mutagenic meat]
 67300 | Depths:4 | Gained mutation: You have sharp fingernails. [mutagenic meat]
 67301 | Depths:4 | Gained mutation: You have large cloven feet. [mutagenic meat]
 67302 | Depths:4 | Gained mutation: You are dopey. (Int -2) [mutagenic meat]
 67303 | Depths:4 | Lost mutation: You are frail (-10% HP). [mutagenic meat]
 67304 | Depths:4 | Gained mutation: You are agile. (Dex +2) [mutagenic meat]
 67415 | Depths:4 | Lost mutation: Armour fits poorly on your strangely shaped body. [mutagenic meat]
 67416 | Depths:4 | Gained mutation: You evolve. [mutagenic meat]
 67419 | Depths:4 | Lost mutation: You are agile. (Dex +2) [mutagenic meat]
 67420 | Depths:4 | Gained mutation: You are resistant to hostile enchantments. [mutagenic meat]
 67567 | Depths:4 | Reached skill level 22 in Axes
 67721 | Depths:4 | Noticed Mennas
 67774 | Depths:4 | Killed Mennas
 68218 | Depths:5 | Entered Level 5 of the Depths
 68328 | Depths:5 | Found a gate to the Realm of Zot.
 68761 | Depths:5 | Got a translucent lajatang {venom}
 68767 | Depths:5 | Identified the +4 lajatang of Discord {venom, *Corrode rC+ Int+4 Stlth+} (You took it off a centaur on level 5 of the Depths)
 69009 | Depths:5 | Found a shimmering altar of Xom.
 69478 | Zot:1    | Entered Level 1 of the Realm of Zot
 69570 | Zot:1    | Reached XP level 26. HP: 184/240 MP: 30/30
 69591 | Zot:1    | Reached skill level 23 in Axes
 69895 | Zot:1    | Noticed an orb of fire
 69895 | Zot:1    | Gained mutation: You are very dopey. (Int -4) [an orb of fire]
 69951 | Zot:1    | Killed an orb of fire
 70375 | Zot:1    | Reached skill level 15 in Fighting
 70451 | Zot:1    | Noticed an orb of fire
 70461 | Zot:1    | Gained mutation: You are frail (-10% HP). [an orb of fire]
 70468 | Zot:1    | Gained mutation: Scrolls take you a little longer to read. [an orb of fire]
 70475 | Zot:1    | Gained mutation: Scrolls take you longer to read. [an orb of fire]
 70477 | Zot:1    | Gained mutation: You are occasionally teleported next to monsters. [an orb of fire]
 70479 | Zot:1    | Gained mutation: Armour fits poorly on your strangely shaped body. [an orb of fire]
 70505 | Zot:1    | Killed an orb of fire
 71300 | Zot:2    | Killed from afar by an electric golem

Skill      XL: |  1  2  3  4  5  6  7  8  9 10 11 12 13 14 15 16 17 18 19 20 21 22 23 24 25 26 |
---------------+-------------------------------------------------------------------------------+-----
Fighting       | 3 4 5 6 7 8 9 10 11 12 13 14 15 | 15.1
Dodging        | 1 2 3 4 6 7 8 9 10 | 10.2
Armour         | 4 6 7 8 9 10 11 12 13 14 15 16 17 18 19 20 | 20.1
Shields        | 4 5 7 8 10 11 12 13 14 15 16 17 18 19 20 21 22 | 22.3
Axes           | 3 4 5 6 9 10 13 15 17 19 21 22 23 | 23.5
Evocations     | 1 2 3 4 5 6 9 |  9.1
Maces & Flails | 1 3 4 5 7 8 9 10 11 | 11.5
Invocations    | 1 2 4 6 7 8 10 12 14 15 16 17 | 17.5
Throwing       | 1 3 4 5 6 7 8 |  8.5
Stealth        | 1 3 4 5 |  5.0
Slings         | 5 8 9 12 14 15 16 17 18 | 18.6
Polearms       | 1 2 3 4 |  4.3

Action                   |  1- 3 |  4- 6 |  7- 9 | 10-12 | 13-15 | 16-18 | 19-21 | 22-24 | 25-27 || total
-------------------------+-------+-------+-------+-------+-------+-------+-------+-------+-------++-------
Melee: War axe           |   131 |   132 |       |       |       |       |    31 |       |       ||   294
       Mace              |       |    46 |   610 |  1596 |  1629 |   934 |   281 |       |       ||  5096
       Trident           |       |       |       |    14 |       |       |   109 |   158 |   520 ||   801
       Flail             |       |       |       |     3 |    89 |    46 |    72 |       |       ||   210
       Hand axe          |       |       |       |       |   372 |   684 |   471 |       |       ||  1527
       Hunting sling     |       |       |       |       |       |       |    12 |       |    10 ||    22
       Broad axe         |       |       |       |       |       |       |   774 |  1627 |   717 ||  3118
       Headbutt          |       |       |       |       |       |       |       |       |   471 ||   471
 Fire: Hunting sling     |       |       |       |       |   892 |  1828 |  1105 |   154 |    98 ||  4077
Throw: Javelin           |       |       |    50 |    54 |    44 |    10 |   126 |   128 |    91 ||   503
       Tomahawk          |       |       |    17 |    82 |    72 |    85 |    25 |       |    28 ||   309
Invok: Lesser Healing    |       |     1 |    40 |   165 |   192 |   260 |   186 |   187 |   110 ||  1141
       Heal Other        |       |       |     5 |    11 |    30 |       |       |       |       ||    46
       Divine Protection |       |       |       |     5 |     1 |     1 |       |     2 |     1 ||    10
       Greater Healing   |       |       |       |       |     1 |       |     1 |       |       ||     2
       Purification      |       |       |       |       |       |     1 |       |     1 |       ||     2
 Abil: Device Recharging |       |       |       |     2 |       |     2 |       |     1 |     3 ||     8
Evoke: Wand              |       |     5 |     5 |    32 |    30 |    40 |     8 |    17 |    19 ||   156
  Use: Potion            |     1 |     9 |     5 |    12 |    12 |    12 |     8 |     7 |     5 ||    71
       Scroll            |       |       |    15 |    13 |    15 |    22 |    14 |    14 |     4 ||    97
 Stab: Invisible         |       |       |     6 |    12 |       |       |       |       |       ||    18
       Confused          |       |       |       |    16 |     3 |       |       |       |       ||    19
       Petrified         |       |       |       |       |     1 |       |       |       |       ||     1
       Paralysed         |       |       |       |       |       |     3 |     7 |     8 |       ||    18
       Distracted        |       |       |       |       |       |       |     2 |     1 |       ||     3
  Eat: Chunk             |     1 |     7 |    19 |    55 |    86 |    59 |    83 |    54 |    52 ||   416
       Beef jerky        |       |     1 |       |     4 |     5 |     2 |     1 |     1 |       ||    14
       Meat ration       |       |       |       |     1 |     1 |     2 |       |       |       ||     4
       Royal jelly       |       |       |       |     1 |       |       |       |     1 |     1 ||     3
       Pizza             |       |       |       |     2 |     3 |     1 |       |     3 |       ||     9
       Bread ration      |       |       |       |       |       |     5 |       |       |       ||     5
       Fruit             |       |       |       |       |       |     3 |       |       |       ||     3
Armor: Scale mail        |    64 |   122 |    92 |       |       |       |       |       |       ||   278
       Chain mail        |       |       |   218 |   607 |   347 |       |       |       |       ||  1172
       Plate armour      |       |       |       |       |   261 |   254 |    16 |   439 |       ||   970
       Crystal plate arm |       |       |       |       |       |   724 |   742 |    29 |   369 ||  1864
Dodge: Dodged            |    46 |    50 |   265 |   486 |   806 |   862 |   445 |   737 |   244 ||  3941
Block: Shield            |    64 |    99 |   435 |  1195 |  1516 |  2228 |  1772 |  1846 |  1109 || 10264
       Reflection        |       |       |       |       |    39 |   234 |   184 |   136 |    57 ||   650
